 Dungeon Crawl Stone Soup version 0.19-a0-934-gf1df8d1 (webtiles) character file.

106 Stormphoenix the Bolt Thrower (level 5, 37/37 HPs)
             Began as a Human Arcane Marksman on July 5, 2016.
             Quit the game on level 2 of the Dungeon on July 7, 2016.
             The game lasted 00:12:45 (2174 turns).

Stormphoenix the Bolt Thrower (HuAM)                Turns: 2174, Time: 00:12:46

Health: 37/37      AC:  4    Str: 11    XL:     5   Next: 10%
Magic:  6/6        EV: 12    Int: 14    God:
Gold:   112        SH:  0    Dex: 13    Spells: 1 memorised, 5 levels left

rFire  . . .     SeeInvis .     b - +0 dagger (venom)
rCold  . . .     Gourm    .     e - +0 robe
rNeg   . . .     Faith    .     (no shield)
rPois  .         Spirit   .     (no helmet)
rElec  .         Dismiss  .     (no cloak)
rCorr  .         Reflect  .     k - +1 pair of gloves
SustAt .         Harm     .     (no boots)
MR     +....                    (no amulet)
Stlth  +.........               n - ring of wizardry
                                l - ring of protection from magic

@: exhausted, drained, somewhat resistant to hostile enchantments, very
unstealthy
A: no striking features
a: no special abilities


You were on level 2 of the Dungeon.
You were not hungry.

You visited 1 branch of the dungeon, and saw 2 of its levels.

You collected 112 gold pieces.

Inventory:

Hand Weapons
 a - a +0 hand crossbow
 b - a +0 dagger of venom (weapon)
Missiles
 s - 4 bolts
Armour
 e - a +0 robe (worn)
 k - a +1 pair of gloves (worn)
Jewellery
 l - a ring of protection from magic (left hand)
 n - a ring of wizardry (right hand)
Wands
 h - a wand of polymorph (12/24)
Scrolls
 i - 4 scrolls of identify
 r - a scroll of teleportation
Potions
 d - a potion of curing
 g - a potion of cure mutation
Books
 c - a book of Debilitation

   Spells                             Type                      Level
   a - Corona                         Hexes                        1
   b - Slow                           Hexes                        2
   c - Gell's Gravitas                Hexes/Translocation          3
   d - Inner Flame                    Hexes/Fire                   3
   e - Cause Fear                     Hexes                        4
   f - Leda's Liquefaction            Hexes/Earth                  4
Comestibles
 f - 4 bread rations
 j - a beef jerky
 m - a meat ration


   Skills:
 - Level 1.0(0.3) Fighting
 + Level 4.8(4.1) Crossbows
 - Level 2.0(1.3) Dodging
 - Level 1.0(0.3) Spellcasting
 - Level 3.0(2.2) Hexes


You had 5 spell levels left.
You knew the following spells:

 Your Spells              Type           Power        Failure   Level  Hunger
a - Corona                Hex            #......      6%          1    ##.....


Dungeon Overview and Level Annotations

Branches:
Dungeon (2/15)

Altars:


Message History

It was a potion of might.
You feel very mighty all of a sudden.
You start waiting.
You feel a little less mighty now.
You start eating the slice of pizza.
Mmm...
Pepperoni.
You start waiting.
You feel yourself speed up.
You see here a +0 short sword.
You see here a +0 short sword.
Quiver which item? (- for none, * to show all) (? for menu, Esc to quit)
You don't have any such object.
Quiver which item? (- for none, * to show all) (? for menu, Esc to quit)
Okay, then.
Unknown command.
Save game and exit?
Okay, then.
Quiver which item? (- for none, * to show all) (? for menu, Esc to quit)
Okay, then.
Are you sure you want to abandon this character and quit the game? (Confirm with "yes".)

....###...###.###.# ....#
#######.###.#
....###...........#
........##........#####
#.#.######............#
#.#.# #..........####.#
#.#.###.##.......# #.#
....##..##.......# #.#
............)...@# #.#
...#.....##.#.##.####.###
#.#....................>#
#..#.....##...........#.#
#...#...#####.##.###..#.#
##......# #......# #..#.#
#..###.###.#.#..# #..#.#
#..# #..........#
#..#.#### #..#
#####.#.#.## #.......#


There were no monsters in sight!

Vanquished Creatures
  Jessica (D:2)
  An adder (D:2)
  A worm (D:2)
  3 dart slugs (D:1)
  2 giant geckos
  4 giant cockroaches
  5 goblins
  4 hobgoblins
  10 jackals
  2 quokkas (D:2)
  A ball python (D:1)
  5 bats (D:1)
  4 giant newts (D:1)
  5 kobolds
  6 rats
54 creatures vanquished.

Notes
Turn   | Place    | Note
-------+----------+-------------------------------------------
     0 | D:1      | Stormphoenix the Human Arcane Marksman began the quest for the Orb.
     0 | D:1      | Reached XP level 1. HP: 15/15 MP: 2/2
    30 | D:1      | Reached XP level 2. HP: 9/21 MP: 3/3
   464 | D:1      | Reached skill level 3 in Crossbows
   528 | D:1      | Reached XP level 3. HP: 25/26 MP: 4/4
  1209 | D:2      | Reached skill level 4 in Crossbows
  1209 | D:2      | Reached XP level 4. HP: 32/32 MP: 5/5
  1237 | D:2      | Upgraded the game from 0.19-a0-905-ge5e6a15 to 0.19-a0-934-gf1df8d1
  1938 | D:2      | Noticed Jessica
  1955 | D:2      | Killed Jessica
  1955 | D:2      | Reached XP level 5. HP: 26/37 MP: 6/6
  2174 | D:2      | Quit the game

Vault maps used:
D:1:      roderic_chinese_lattice_arrival, minmay_cut_off
D:2:      first_bread, kennysheep_jessica_study

Skill      XL: |  1  2  3 |
---------------+----------+-----
Crossbows      | 3 4 |  4.8
Fighting       | |  1.0
Dodging        | |  2.0
Spellcasting   | |  1.0
Hexes          | |  3.0

Action                   |  1- 3 |  4- 6 || total
-------------------------+-------+-------++-------
Melee: Short sword       |       |    12 ||    12
       Dagger            |       |    18 ||    18
 Fire: Hand crossbow     |    82 |    40 ||   122
  Use: Scroll            |     3 |     5 ||     8
       Potion            |     2 |     2 ||     4
  Eat: Chunk             |     1 |     2 ||     3
       Pizza             |       |     1 ||     1
Armor: Robe              |     8 |     8 ||    16
Dodge: Dodged            |    20 |    26 ||    46
